 Dungeon Crawl Stone Soup version 0.30-a0-297-g0ec75d9ef4 (webtiles) character file.

Game seed: 5735329789531806195

42 Kinoniko the Chopper (level 3, -5/31 HPs)
             Began as a Minotaur Berserker on Oct 18, 2022.
             Was a Follower of Trog.
             Killed from afar by Natasha (9 damage)
             ... with a puff of flame
             ... on level 2 of the Dungeon.
             The game lasted 00:00:56 (550 turns).

Kinoniko the Chopper (Minotaur Berserker)            Turns: 550, Time: 00:00:56

Health: -5/31      AC:  5    Str: 19 (22) XL:     3   Next: 33%
Magic:  2/2        EV: 10    Int:  7 (8)  God:    Trog [*.....]
Gold:   47         SH:  0    Dex:  5 (8)  Spells: 2/2 levels left

rFire   . . .      SeeInvis .    a - +0 hand axe
rCold   . . .      Faith    .    (no shield)
rNeg    . . .      Spirit   .    m - +0 ring mail
rPois   .          Reflect  .    (helmet restricted)
rElec   .          Harm     .    (no cloak)
rCorr   .          Rampage  .    l - +0 pair of gloves
Will    .....                    e - +0 pair of boots
Stlth   ..........               (no amulet)
HPRegen 0.25/turn                j - ring of flight
MPRegen 0.08/turn                (no ring)

@: on berserk cooldown, flying, slowed, very slow
A: horns 2, retaliatory headbutt, clever 1, deformed body
a: Renounce Religion, Berserk


You were on level 2 of the Dungeon.
You worshipped Trog.
Trog was aware of your devotion.
You visited 1 branch of the dungeon, and saw 2 of its levels.

You collected 47 gold pieces.

Inventory:

Hand Weapons
 a - a +0 hand axe (weapon)
Armour
 e - a +0 pair of boots (worn)
 l - a +0 pair of gloves (worn)
 m - a +0 ring mail (worn)
Jewellery
 j - a ring of flight (left hand)
Scrolls
 d - a scroll of torment {unknown}
 f - a scroll of teleportation {unknown}
 g - a scroll of poison {unknown}
 h - a scroll of noise {unknown}
Potions
 k - a potion of might {unknown}


   Skills:
 - Level 3.6 Fighting
 * Level 5.4 Axes
 - Level 2.4 Armour
 - Level 2.1 Dodging


You had 2 spell levels left.
You didn't know any spells.
Your spell library was empty.

Dungeon Overview and Level Annotations

Branches:
Dungeon (2/15)

Altars:

Annotations:
D:2 Natasha


Innate Abilities, Weirdness & Mutations

You have a pair of horns on your head.
You reflexively headbutt those who attack you in melee.
Your mind is acute. (Int +4, Str/Dex -1)
Armour fits poorly on your strangely shaped body.


Message History

A goblin comes into view. It is wielding a +0 club.
The goblin shouts!
Natasha, Servant of Life and Death comes into view.
She is carrying a wand of flame (9).
You barely miss the goblin.
Natasha hisses angrily.
The goblin hits you but does no damage.
You barely miss the goblin.
The goblin hits you but does no damage. x2
You slash the goblin!
You kill the goblin!
Trog accepts your kill.
Natasha zaps a wand.
The puff of flame hits you!
An endoplasm comes into view.
You are too injured to fight recklessly!
You are too injured to fight recklessly!
You are too injured to fight recklessly!
Unknown command.
The endoplasm quivers.
Natasha zaps a wand.
The puff of flame hits you!
* * * LOW HITPOINT WARNING * * *
Natasha claws you.
* * * LOW HITPOINT WARNING * * *
Natasha stares at you and mumbles some strange words.
You resist with significant effort.
Things that are here:
a +0 dagger; a goblin corpse Unknown command.
Okay, then.
You slash Natasha!
Natasha is heavily wounded.
Natasha claws you but does no damage. The endoplasm closely misses you.
Unknown command.
It was a potion of mutation.
You feel extremely strange.
Your body twists and deforms.
You feel clever.
Natasha mumbles some strange words.
The endoplasm closely misses you. Natasha barely misses you.
It was a potion of degeneration.
There was something very wrong with that liquid.
You feel weakened.
You feel dopey.
You feel clumsy. The endoplasm misses you.
Natasha zaps a wand.
The puff of flame hits you!
You die...

...... ..#
......##.#
.........#
#........##
..........###
............#
#...<....##
#.....J...####
###..h@#.....#
##..5....#.
#.......#
........)..#
.....###...##
..... ......
..... ####..#
..... ..# ...
#.#


You could see Natasha, a white imp (summoned) and an endoplasm.

Vanquished Creatures
  Natasha (D:2)
  An endoplasm (D:1)
  4 goblins
  2 hobgoblins
  2 jackals (D:1)
  2 quokkas (D:1)
  2 bats
  A kobold (D:2)
15 creatures vanquished.

Notes
Turn   | Place    | Note
-------+----------+-------------------------------------------
     0 | D:1      | Kinoniko the Minotaur Berserker began the quest for the
                  | Orb.
     0 | D:1      | Reached XP level 1. HP: 19/19 MP: 0/0
   121 | D:1      | Found a faded altar of an unknown god.
   216 | D:1      | Reached skill level 4 in Axes
   334 | D:1      | Reached XP level 2. HP: 23/26 MP: 1/1
   508 | D:2      | Noticed Natasha
   516 | D:2      | Killed Natasha
   517 | D:2      | Reached skill level 5 in Axes
   517 | D:2      | Reached XP level 3. HP: 20/31 MP: 2/2
   542 | D:2      | Noticed Natasha
   549 | D:2      | Gained mutation: Armour fits poorly on your strangely
                  | shaped body. [potion of mutation]
   549 | D:2      | Gained mutation: Your mind is acute. (Int +4, Str/Dex -1)
                  | [potion of mutation]
   550 | D:2      | Killed from afar by Natasha

Illustrated notes

Levels and vault maps discovered:
D:1:      sevenhm_arrival_forest_fort_small_4, layout_rooms,
          ebering_ecumenical_altar_webs, dreamdust_princess_bridge
D:2:      layout_rooms, uniq_crazy_yiuf_cottage, uniq_natasha

Skill      XL: |  1  2 |
---------------+-------+-----
Axes           | 4 5 |  5.4
Fighting       | |  3.6
Armour         | |  2.4
Dodging        | |  2.1

Action                   || total
-------------------------++-------
Melee: Hand axe          ||    35
       Headbutt          ||     3
       Punch             ||     1
Invok: Berserk           ||     1
  Use: Potion            ||     2
 Stab: Sleeping          ||     1
Armor: Animal skin       ||    12
       Ring mail         ||    10
Dodge: Dodged            ||    33

Table legend: (Time is in decaauts)
 A = Elapsed time spent in this place.
 B = Non-inter-level travel time spent in this place.
 C = Inter-level travel time spent in this place.
 D = Time resting spent in this place.
 E = Time spent auto-exploring this place.
 F = Levels seen in this place.
 G = Mean time per level.
                   A        B        C        D        E       F      G
               +--------+--------+--------+--------+--------+-----+--------+
         Total |    568 |    561 |      7 |     25 |    348 |   2 |  284.0 |
       Dungeon |    568 |    561 |      7 |     25 |    348 |   2 |  284.0 |
               +--------+--------+--------+--------+--------+-----+--------+

Top non-repeatable levels by time:
     D:1: 509 daAuts
     D:2: 58 daAuts
